 Dungeon Crawl Stone Soup version 0.23.2 (webtiles) character file.

Game seed: 13710332728591905653

13249 teukkam the Blocker (level 11, -5/101 HPs)
             Began as a Minotaur Fighter on Apr 2, 2019.
             Was a High Priest of Makhleb.
             Slain by a death yak (22 damage)
             ... on level 1 of the Lair of Beasts.
             The game lasted 00:52:41 (9510 turns).

teukkam the Blocker (Minotaur Fighter)              Turns: 9510, Time: 00:52:42

Health: -5/101     AC:  7    Str: 23    XL:     11   Next: 73%
Magic:  15/15      EV: 13    Int:  8    God:    Makhleb [*****.]
Gold:   262        SH: 12    Dex: 10    Spells: 10/10 levels left

rFire    + . .     SeeInvis .   a - +10 spear of Ityrops {pierce, rF+ Int+2}
rCold    . . .     Gourm    .   H - +0 shield
rNeg     . . .     Faith    +   Q - +0 troll leather armour
rPois    .         Spirit   .   (helmet restricted)
rElec    .         Reflect  .   m - +0 cloak
rCorr    +         Harm     .   (no gloves)
MR       .....     Rnd*Rage +   (no boots)
Stlth    +.........             r - amulet of faith
HPRegen  0.66/turn              J - +3 ring of evasion
MPRegen  0.14/turn              S - ring of resist corrosion

@: about to teleport, very slightly contaminated
A: retaliatory headbutt, horns 2, berserk 1, sense surroundings 1, evolution 1
a: Minor Destruction, Lesser Servant of Makhleb, Major Destruction, Greater
Servant of Makhleb, Renounce Religion


You were on level 1 of the Lair of Beasts.
You worshipped Makhleb.
Makhleb was extremely pleased with you.
You were not hungry.

You visited 2 branches of the dungeon, and saw 13 of its levels.

You collected 442 gold pieces.
You spent 180 gold pieces at shops.

Inventory:

Hand Weapons
 a - the +10 spear of Ityrops (weapon) {pierce, rF+ Int+2}
   (You found it on level 6 of the Dungeon)

   It inflicts extra damage upon your enemies.
   It affects your intelligence (+2).
   It protects you from fire.
 b - the +10 whip "Etiareagg" {speed, +Fly rElec Int-5}
   (You took it off an orc wizard on level 4 of the Dungeon)

   Attacks with this weapon are significantly faster.
   It affects your intelligence (-5).
   It insulates you from electricity.
   It lets you fly.
 c - the +12 mace of Kismet {freeze, rF+ rC- Str+4 Dex+3}
   (You found it on level 7 of the Dungeon)

   It has been specially enchanted to freeze those struck by it, causing extra
   injury to most foes and up to half again as much damage against particularly
   susceptible opponents.
   It can also slow down cold-blooded creatures.
   It affects your strength (+4).
   It affects your dexterity (+3).
   It protects you from fire.
   It makes you vulnerable to cold.
 q - a +1 war axe
 w - the +1 rapier of Causality {venom, rF++ Dex-3 SInv}
   (You bought it in a shop on level 8 of the Dungeon)

   It poisons the flesh of those it strikes.
   It affects your dexterity (-3).
   It greatly protects you from fire.
   It lets you see invisible.
Missiles
 h - 8 curare-tipped needles
 s - 9 tomahawks (quivered)
 K - 43 sling bullets
 L - 32 poisoned needles
Armour
 g - a +1 scale mail
 m - a +0 cloak (worn)
 H - a +0 shield (worn)
 Q - a +0 troll leather armour (worn)
Jewellery
 i - an uncursed amulet of the gourmand
 r - an amulet of faith (around neck)
 J - a +3 ring of evasion (left hand)
 O - a +3 amulet of reflection {unknown}
 S - a ring of resist corrosion (right hand)
 U - an uncursed ring of fire
Wands
 d - a wand of digging (2)
 n - a wand of enslavement (10)
 o - a wand of random effects (59)
 v - a wand of polymorph (7)
 z - a wand of flame (36)
Scrolls
 e - 9 scrolls of identify
 j - 3 scrolls of fear {unknown}
 k - 7 scrolls of remove curse
 l - 2 scrolls of immolation
 t - a scroll of random uselessness {unknown}
 u - a scroll of enchant weapon
 x - a scroll of enchant armour
 y - a scroll of fog
 A - 2 scrolls of magic mapping
 R - a scroll of summoning {unknown}
 W - a scroll of vulnerability {unknown}
Potions
 p - a potion of ambrosia
 B - 2 potions of resistance
 C - a potion of curing
 D - 2 potions of agility
 F - 2 potions of berserk rage
 G - 4 potions of flight {unknown}
 N - a potion of haste
 P - 3 potions of heal wounds {unknown}
 T - 2 potions of invisibility {unknown}
Comestibles
 f - 20 rations
 V - 6 chunks of flesh


   Skills:
 + Level 10.9 Fighting
 - Level 4.3(7.5) Axes
 - Level 4.6(5.4) Maces & Flails
 + Level 8.2(8.8) Polearms
 + Level 10.9 Armour
 + Level 11.0 Shields
 + Level 7.9 Invocations


You had 10 spell levels left.
You didn't know any spells.
Your spell library was empty.

Dungeon Overview and Level Annotations

Branches:
Dungeon (10/15)            Temple (0/1) D:6            Lair (3/6) D:10
  Swamp: Lair:2-4    Shoals: Lair:2-4     Snake: Lair:2-4    Spider: Lair:2-4
    Orc: D:9-12

Altars:
Ashenzari
Dithmenos
Elyvilon
Fedhas
Makhleb
Nemelex Xobeh
Okawaru
Qazlal
Ru
Xom
Yredelemnul

Shops:
D:8 (   D:9 [**(

Annotations:
Lair:3 1 runed translucent door


Innate Abilities, Weirdness & Mutations

You reflexively headbutt those who attack you in melee.
You have a pair of horns on your head.
You tend to lose your temper in combat.
You passively map a small area around you.
You evolve.


Message History

You feel strangely unstable.
The wolf howls!
A water moccasin comes into view.
You block the blink frog's attack. The spiny frog misses you.
The blink frog hits you!
* * * LOW HITPOINT WARNING * * *
You block the wolf's attack. You block the death yak's attack.
It was a potion of magic.
Magic courses through your body.
The water moccasin hisses angrily.
The blink frog misses you. The wolf bites you but does no damage.
The blink frog blinks!
You block the spiny frog's attack. You block the hippogriff's attack.
The hippogriff pecks you but does no damage.
The hippogriff claws you but does no damage.
The blink frog barely misses you. The wolf bites you but does no damage.
A komodo dragon comes into view.
The komodo dragon misses you. You furiously retaliate!
You headbutt the komodo dragon.
The blink frog blinks!
The death yak gores you!!
You die...

, , .....ยง#, ,
, * ...8...## *
.......##, . ,,
# #......###*.[
* * ,
#.#....8...#.#
,
....F..h....#.8
,
.....hlF.......
, lS8..8F@H8.+
, ,
...h..hYFH.# ,
, ...........#,
, ####...8..##
* ........#* *
, * .......##.
* * * ...8...#.
.# , * ..?...#
$ .. , , *


You could see a death yak, 2 komodo dragons, 2 hippogriffs, a spiny frog, 3
blink frogs, a water moccasin and 4 wolves.

Vanquished Creatures
  3 death yaks (Lair:3)
  Nergalle (Lair:2)
  A black mamba (Lair:3)
  A rime drake (Lair:3)
  A spiny frog (Lair:2)
  A komodo dragon (Lair:2)
  3 trolls
  A hornet (D:9)
  A hippogriff (Lair:3)
  3 hogs (D:7)
  A wraith (D:9)
  A human (D:7)
  Eustachio (D:4)
  13 yaks
  2 water moccasins
  4 orc warriors
  2 porcupines (Lair:2)
  A sky beast (D:5)
  2 ice beasts
  A black bear (D:9)
  A necrophage (D:9)
  2 phantoms (D:4)
  3 ogres (D:9)
  3 wolves (Lair:3)
  7 crocodiles
  2 centaurs
  8 bullfrogs
  3 scorpions
  7 killer bees
  13 wights
  4 electric eels
  2 howler monkeys
  10 crimson imps
  A bullfrog zombie (D:9)
  A quasit (D:9)
  3 hounds
  2 jellies
  A gnoll shaman (D:5)
  4 orc priests
  6 orc wizards
  3 bullfrog skeletons (D:4)
  A centaur skeleton (D:6)
  2 iguanas
  Ijyb (D:3)
  3 worker ants
  Natasha (thrice) (D:2)
  Terence (D:2)
  A hound skeleton (D:8)
  12 gnolls
  10 adders
  2 adder skeletons
  An adder zombie (D:8)
  3 worms
  A dart slug (D:3)
  2 leopard geckos
  29 orcs
  A ball python (D:5)
  5 bats
  7 giant cockroaches
  3 goblins
  6 hobgoblins
  13 jackals
  7 quokkas
  6 frilled lizards
  3 kobolds
  A leopard gecko zombie (D:7)
  5 rats
  A plant (Lair:2)
260 creatures vanquished.

Vanquished Creatures (collateral kills)
  A hippogriff (Lair:2)
  A basilisk (Lair:2)
  2 water moccasins
  A bullfrog (Lair:2)
  An electric eel (Lair:2)
  A fungus (Lair:2)
7 creatures vanquished.

Vanquished Creatures (others)
  A yak (D:10)
  2 fungi (Lair:2)
  A plant (Lair:2)
4 creatures vanquished.

Grand Total: 271 creatures vanquished

Notes
Turn   | Place    | Note
-------+----------+-------------------------------------------
     0 | D:1      | teukkam the Minotaur Fighter began the quest for the Orb.
     0 | D:1      | Reached XP level 1. HP: 19/19 MP: 0/0
    96 | D:2      | Reached XP level 2. HP: 27/27 MP: 1/1
   225 | D:3      | Reached skill level 4 in Shields
   306 | D:3      | Noticed Ijyb
   314 | D:3      | Killed Ijyb
   314 | D:3      | Reached XP level 3. HP: 26/33 MP: 2/2
   345 | D:4      | Noticed a scorpion
   353 | D:4      | Killed a scorpion
   353 | D:4      | Reached XP level 4. HP: 30/41 MP: 3/3
   482 | D:4      | Noticed a phantom
   486 | D:4      | Reached XP level 5. HP: 47/47 MP: 4/4
   510 | D:4      | Identified the +10 whip "Etiareagg" {speed, +Fly rElec
                  | Int-5}
   520 | D:4      | Reached skill level 5 in Fighting
   520 | D:4      | Reached skill level 5 in Armour
   520 | D:4      | Reached skill level 5 in Shields
   523 | D:4      | Reached XP level 6. HP: 13/56 MP: 5/5
   530 | D:4      | Gained mutation: You expend magic power (3 MP) to
                  | strengthen your wands. [potion of mutation]
   530 | D:4      | Gained mutation: You evolve. [potion of mutation]
   530 | D:4      | Gained mutation: You are agile. (Dex +2) [potion of
                  | mutation]
   828 | D:2      | Noticed Natasha
   842 | D:3      | Found a blossoming altar of Fedhas.
  1150 | D:2      | Noticed Terence
  1153 | D:2      | Killed Terence
  1153 | D:2      | Reached skill level 1 in Maces & Flails
  1162 | D:2      | Gained mutation: You have a pair of large horns on your
                  | head. [evolution]
  1389 | D:2      | Killed Natasha
  1525 | D:2      | Found a burning altar of Makhleb.
  1532 | D:2      | Became a worshipper of Makhleb the Destroyer
  1664 | D:2      | Noticed Natasha
  1672 | D:2      | Killed Natasha
  2606 | D:2      | Noticed Natasha
  2612 | D:2      | Killed Natasha
  2612 | D:2      | Reached * piety under Makhleb
  2612 | D:2      | Reached XP level 7. HP: 55/62 MP: 6/6
  2932 | D:2      | Gained mutation: You do not regenerate when monsters are
                  | visible. [evolution]
  3134 | D:4      | Reached skill level 1 in Invocations
  3140 | D:4      | Found a shadowy altar of Dithmenos.
  3157 | D:5      | Entered Level 5 of the Dungeon
  3167 | D:5      | Reached skill level 6 in Shields
  3266 | D:5      | Found an iron altar of Okawaru.
  3338 | D:4      | Found a stormy altar of Qazlal.
  3552 | D:4      | Found a white marble altar of Elyvilon.
  3663 | D:4      | Noticed Eustachio
  3677 | D:4      | Killed Eustachio
  3677 | D:4      | Reached XP level 8. HP: 64/71 MP: 8/8
  4090 | D:6      | Reached ** piety under Makhleb
  4122 | D:6      | Reached skill level 7 in Shields
  4414 | D:6      | Got an iridescent spear
  4415 | D:6      | Identified the +10 spear of Ityrops {pierce, rF+ Int+2}
                  | (You found it on level 6 of the Dungeon)
  4502 | D:5      | Gained mutation: Scrolls take you a little longer to read.
                  | [evolution]
  4603 | D:5      | Reached skill level 1 in Polearms
  4808 | D:6      | Found a shimmering altar of Xom.
  4933 | D:7      | Reached XP level 9. HP: 79/79 MP: 10/10
  5103 | D:7      | Reached *** piety under Makhleb
  5233 | D:8      | Found Vieczoge's Antique Weapon Shop.
  5250 | D:8      | Bought a bloodstained rapier for 180 gold pieces
  5250 | D:8      | Identified the cursed +1 rapier of Causality {venom, rF++
                  | Dex-3 SInv} (You bought it in a shop on level 8 of the
                  | Dungeon)
  5477 | D:8      | Reached skill level 8 in Shields
  5566 | D:8      | Found a sparkling altar of Nemelex Xobeh.
  5566 | D:8      | Found a sacrificial altar of Ru.
  5571 | D:8      | Found a white marble altar of Elyvilon.
  5836 | D:7      | Got a polished mace
  5837 | D:7      | Identified the +12 mace of Kismet {freeze, rF+ rC- Str+4
                  | Dex+3} (You found it on level 7 of the Dungeon)
  5843 | D:7      | Found a shattered altar of Ashenzari.
  5871 | D:7      | HP: 1/82 [orc warrior/+0 broad axe (5)]
  6235 | D:8      | Reached skill level 5 in Invocations
  6242 | D:9      | Noticed a troll
  6730 | D:6      | Found a staircase to the Ecumenical Temple.
  7173 | D:7      | Reached **** piety under Makhleb
  7180 | D:7      | Reached XP level 10. HP: 37/90 MP: 11/13
  7478 | D:7      | Found a basalt altar of Yredelemnul.
  7483 | D:7      | Reached skill level 5 in Polearms
  7547 | D:9      | Reached skill level 9 in Shields
  7581 | D:9      | Found Dyug's Weapon Boutique.
  7678 | D:9      | Lost mutation: You are agile. (Dex +2) [potion of mutation]
  7678 | D:9      | Lost mutation: Scrolls take you a little longer to read.
                  | [potion of mutation]
  7678 | D:9      | Lost mutation: You expend magic power (3 MP) to strengthen
                  | your wands. [potion of mutation]
  7678 | D:9      | Gained mutation: You rapidly evolve. [potion of mutation]
  7678 | D:9      | Gained mutation: Your muscles are strong. (Str +2) [potion
                  | of mutation]
  7741 | D:9      | Found Zuodifil's General Store.
  7752 | D:9      | Found Foklaec's Assorted Antiques.
  7988 | D:9      | Lost mutation: You rapidly evolve. [evolution]
  8071 | D:9      | Found Zuguungepo's Antique Armour Shop.
  8477 | D:10     | Entered Level 10 of the Dungeon
  8500 | D:10     | Found a staircase to the Lair.
  8560 | D:10     | Reached ***** piety under Makhleb
  8560 | D:10     | Reached skill level 10 in Shields
  8564 | D:10     | Reached skill level 10 in Fighting
  8564 | D:10     | Reached skill level 10 in Armour
  8567 | D:10     | Reached XP level 11. HP: 88/99 MP: 15/15
  8624 | Lair:1   | Entered Level 1 of the Lair of Beasts
  8815 | Lair:2   | Noticed Nergalle
  8839 | Lair:2   | Killed Nergalle
  9274 | Lair:3   | Found a runed translucent door.
  9275 | Lair:3   | Noticed a five-headed hydra
  9276 | Lair:3   | Noticed a death yak
  9277 | Lair:3   | Noticed a death yak
  9278 | Lair:3   | Noticed a death yak
  9279 | Lair:3   | Noticed a death yak
  9280 | Lair:3   | Noticed a death yak
  9293 | Lair:3   | Killed a death yak
  9308 | Lair:3   | Killed a death yak
  9330 | Lair:3   | Lost mutation: Your muscles are strong. (Str +2) [potion of
                  | mutation]
  9330 | Lair:3   | Lost mutation: You have a pair of large horns on your head.
                  | [potion of mutation]
  9330 | Lair:3   | Lost mutation: You do not regenerate when monsters are
                  | visible. [potion of mutation]
  9330 | Lair:3   | Gained mutation: You tend to lose your temper in combat.
                  | [potion of mutation]
  9330 | Lair:3   | Gained mutation: You passively map a small area around you.
                  | [potion of mutation]
  9453 | Lair:3   | Killed a death yak
  9453 | Lair:3   | Reached skill level 11 in Shields
  9510 | Lair:1   | Slain by a death yak

Skill      XL: |  1  2  3  4  5  6  7  8  9 10 11 |
---------------+----------------------------------+-----
Fighting       | 4 5 6 7 8 10 | 10.9
Armour         | 4 5 6 7 8 10 | 10.9
Shields        | 4 5 6 7 8 10 11 | 11.0
Axes           | 3 4 |  4.3
Maces & Flails | 2 3 4 |  4.6
Invocations    | 2 3 5 6 7 |  7.9
Polearms       | 1 4 6 8 |  8.2

Action                   |  1- 3 |  4- 6 |  7- 9 | 10-12 || total
-------------------------+-------+-------+-------+-------++-------
Melee: War axe           |    53 |   139 |   104 |       ||   296
       Headbutt          |     7 |    20 |    40 |    52 ||   119
       Spear             |       |       |   132 |   273 ||   405
       Mace              |       |       |    24 |       ||    24
       Whip              |       |       |    22 |     4 ||    26
       Rapier            |       |       |     2 |     8 ||    10
Throw: Tomahawk          |       |     2 |     9 |     2 ||    13
Invok: Minor Destruction |       |       |    15 |    23 ||    38
       Lesser Servant of |       |       |       |     2 ||     2
 Abil: Evoke Flight      |       |       |       |     1 ||     1
Evoke: Wand              |       |       |    24 |     1 ||    25
  Use: Potion            |     1 |     4 |     7 |     4 ||    16
       Scroll            |       |     7 |     6 |     4 ||    17
  Eat: Chunk             |     4 |     1 |     7 |     5 ||    17
       Ration            |       |     1 |     2 |     1 ||     4
Armor: Scale mail        |    22 |    70 |    75 |     3 ||   170
       Skin              |       |       |    25 |       ||    25
       Troll leather arm |       |       |       |    32 ||    32
Dodge: Dodged            |    20 |    41 |    86 |    91 ||   238
Block: Shield            |    33 |    69 |   155 |   127 ||   384
